 Dungeon Crawl Stone Soup version 0.18.1-1-g2f07953 (webtiles) character file.

285 inmateoo the Ruffian (level 6, -1/61 HPs)
             Began as a Troll Monk on May 7, 2016.
             Was a Priest of Cheibriados.
             Killed by nerve-wracking pain
             ... invoked by Menkaure
              (13 damage)
             ... on level 4 of the Dungeon.
             The game lasted 00:02:34 (1565 turns).

inmateoo the Ruffian (Troll Monk)                   Turns: 1565, Time: 00:02:35

Health: -1/61      AC:  6    Str: 28    XL:     6   Next: 7%
Magic:  5/5        EV: 12    Int: 12    God:    Cheibriados [***...]
Gold:   151        SH:  0    Dex: 18    Spells: 0 memorised, 5 levels left

rFire  . . .     SeeInvis .       - Unarmed
rCold  . . .     Gourm    +     a - +0 robe
rNeg   . . .     Faith    .     (no shield)
rPois  .         Spirit   .     (helmet restricted)
rElec  .         Dismiss  .     n - +0 cloak
rCorr  .         Reflect  .     (gloves unavailable)
SustAt .         Harm     .     (boots unavailable)
MR     .....                    (no amulet)
Stlth  ++........               (no ring)
                                (no ring)

@: very slow, not resistant to hostile enchantments, unstealthy
A: unfitting armour, claws 3, fast metabolism 3, gourmand, regeneration 2,
shaggy fur 1, tough skin 2
a: Bend Time, Temporal Distortion, Renounce Religion


You were on level 4 of the Dungeon.
You worshipped Cheibriados.
Cheibriados was most pleased with you.
You were not hungry.

You visited 1 branch of the dungeon, and saw 4 of its levels.

You collected 151 gold pieces.

Inventory:

Armour
 a - a +0 robe (worn)
 n - a +0 cloak (worn)
Wands
 o - a wand of disintegration (11/24)
Scrolls
 d - 4 scrolls of teleportation {unknown}
 g - 5 scrolls of identify {unknown}
 j - 2 scrolls of fog {unknown}
 k - a scroll of random uselessness {unknown}
 l - a scroll of recharging {unknown}
 m - a scroll of magic mapping {unknown}
 p - a scroll of blinking {unknown}
Potions
 c - a potion of might {unknown}
 e - a potion of curing
 h - 2 potions of lignification {unknown}
 i - 2 potions of flight {unknown}
Comestibles
 b - 2 bread rations
 f - 2 beef jerkies


   Skills:
 + Level 3.4 Fighting
 + Level 3.4 Dodging
 - Level 1.1 Stealth
 * Level 6.0 Unarmed Combat


You had 5 spell levels left.
You didn't know any spells.

Dungeon Overview and Level Annotations

Branches:
Dungeon (4/15)
 Temple: D:4-7

Altars:
Cheibriados
Makhleb
Pakellas
The Shining One

Portals:
Sewer: D:4

Annotations:
D:3 MDvedh's ghost, amateur GrBe
D:4 Menkaure


Innate Abilities, Weirdness & Mutations

You are too large for most types of armour.
You have claws for hands.
Your metabolism is lightning-fast.
You like to eat raw meat.
You heal very quickly.
You are covered in fur (AC +1).
You have very tough skin (AC +2).


Message History

Unknown command.
You scratch Menkaure.
Menkaure is heavily damaged.
The hound bites you. Menkaure barely misses you.
Unknown command.
Unknown command.
You scratch Menkaure but do no damage.
Menkaure is heavily damaged.
The hound splashes around in the water.
Menkaure calls on the powers of darkness!
Your body is wracked with pain!
* * * LOW HITPOINT WARNING * * *
The hound convulses!
Unknown command.
You scratch Menkaure.
Menkaure is severely damaged.
The hound misses you.
The hound splashes around in the water.
Menkaure gestures at you while chanting.
Pain shoots through your body!
You die...

# #.#.# #.#
#.#.#.# ####.#
#..<..#. ..#.#
#######.#####.#.#
..........#†#
............#
...≈≈≈....###
..≈≈≈≈≈..##
..≈≈∩≈h@.#
..≈≈≈≈≈.M#
...≈≈≈...#
.........#
.........#
....###### ####


You could see Menkaure and a hound.

Vanquished Creatures
  A centaur skeleton (D:4)
  3 orc wizards (D:3)
  Natasha (twice) (D:2)
  Terence (D:3)
  3 adders (D:2)
  2 river rats (D:4)
  An ooze (D:1)
  A worm (D:2)
  2 dart slugs
  A giant gecko (D:1)
  4 orcs (D:3)
  2 ball pythons
  4 giant cockroaches
  3 goblins
  4 hobgoblins
  3 jackals (D:2)
  2 kobolds (D:2)
  A quokka (D:2)
  5 bats
  5 rats
50 creatures vanquished.

Vanquished Creatures (others)
  A lightning spire (D:2)
  2 bushes (D:2)
3 creatures vanquished.

Grand Total: 53 creatures vanquished

Notes
Turn   | Place    | Note
--------------------------------------------------------------
     0 | D:1      | inmateoo the Troll Monk began the quest for the Orb.
     0 | D:1      | Reached XP level 1. HP: 22/22 MP: 0/0
    96 | D:1      | Reached XP level 2. HP: 28/29 MP: 1/1
   605 | D:2      | Reached XP level 3. HP: 32/36 MP: 2/2
   743 | D:2      | Noticed Natasha
   759 | D:2      | Killed Natasha
   759 | D:2      | Reached XP level 4. HP: 41/44 MP: 3/3
   839 | D:2      | Noticed Natasha
   845 | D:2      | Killed Natasha
   845 | D:2      | Reached skill level 5 in Unarmed Combat
   959 | D:2      | Found a snail-covered altar of Cheibriados.
   967 | D:2      | Found an oddly glowing altar of Pakellas.
   968 | D:2      | Noticed an ice dragon
   976 | D:2      | Became a worshipper of Cheibriados the Contemplative
   976 | D:2      | Reached * piety under Cheibriados
   976 | D:2      | Reached ** piety under Cheibriados
  1074 | D:2      | Found a glowing golden altar of the Shining One.
  1081 | D:2      | Found a burning altar of Makhleb.
  1204 | D:3      | Reached XP level 5. HP: 42/53 MP: 4/4
  1247 | D:3      | Noticed MDvedh's ghost (amateur GrBe)
  1446 | D:3      | Noticed Terence
  1453 | D:3      | Killed Terence
  1504 | D:4      | Reached skill level 6 in Unarmed Combat
  1528 | D:4      | Found a glowing drain.
  1538 | D:4      | Reached *** piety under Cheibriados
  1544 | D:4      | Reached XP level 6. HP: 53/61 MP: 5/5
  1558 | D:4      | Noticed Menkaure
  1565 | D:4      | Killed from afar by Menkaure

Skill      XL: |  1  2  3  4  5 |
---------------+----------------+-----
Dodging        | 3 |  3.4
Fighting       | 3 |  3.4
Unarmed Combat | 5 6 |  6.0
Stealth        | |  1.1

Action                   |  1- 3 |  4- 6 || total
-------------------------+-------+-------++-------
Melee: Unarmed           |    58 |    90 ||   148
       Punch             |     1 |     2 ||     3
  Use: Potion            |       |     1 ||     1
 Stab: Sleeping          |     1 |     3 ||     4
  Eat: Chunk             |     8 |     4 ||    12
Armor: Robe              |    17 |    19 ||    36
Dodge: Dodged            |    27 |    40 ||    67
